 Dungeon Crawl Stone Soup version 0.28-a0-1624-g820543e53a (webtiles) character file.

Game seed: 17862519225248236041

148 soggyman666 the Firebug (level 4, -2/35 HPs)
             Began as a Demigod Fire Elementalist on Jan 23, 2022.
             Succumbed to an orc wizard's poison
             ... on level 3 of the Dungeon.
             The game lasted 00:10:03 (3409 turns).

soggyman666 the Firebug (Demigod Fire Elementalist) Turns: 3409, Time: 00:10:04

Health: -2/35      AC:  8    Str:  9    XL:     4   Next: 82%
Magic:  3/10       EV: 12    Int: 21    God:
Gold:   102        SH:  0    Dex: 14    Spells: 4/8 levels left

rFire   + . .      SeeInvis .   k - +0 flail
rCold   + . .      Faith    .   (no shield)
rNeg    . . .      Spirit   .   h - +0 leather armour
rPois   .          Reflect  .   (no helmet)
rElec   .          Harm     .   j - scarf {rC+ rF+}
rCorr   .          Rampage  .   (no gloves)
Will    .....                   n - +0 pair of boots
Stlth   ++........              (no amulet)
HPRegen 0.11/turn               f - +4 ring of protection
MPRegen 0.12/turn               g - ring of flight

@: lethally poisoned (-2 -> -24), flying
A: high mp 1, forlorn, divine attributes
a: no special abilities


You were on level 3 of the Dungeon.
You visited 1 branch of the dungeon, and saw 3 of its levels.

You collected 102 gold pieces.

Inventory:

Hand Weapons
 k - a +0 flail (weapon)
Armour
 h - a +0 leather armour (worn)
 j - a scarf of resistance (worn)
 n - a +0 pair of boots (worn)
Jewellery
 f - a +4 ring of protection (left hand)
 g - a ring of flight (right hand)
Scrolls
 l - a scroll of teleportation
 m - a scroll of noise {unknown}
Potions
 a - a potion of brilliance {unknown}
 b - a potion of curing {unknown}
 c - a potion of heal wounds {unknown}
 d - a potion of attraction {unknown}
 e - a potion of degeneration {unknown}
 i - 2 potions of cancellation


   Skills:
 + Level 1.4 Fighting
 + Level 1.1 Armour
 + Level 2.2 Dodging
 + Level 2.1 Stealth
 + Level 2.6 Spellcasting
 + Level 1.8 Conjurations
 + Level 0.1 Hexes
 + Level 3.2 Fire Magic


You had 4 spell levels left.
You knew the following spells:

 Your Spells              Type           Power      Damage    Failure   Level
a - Foxfire               Conj/Fire      52%        2x1d6     7%          1
b - Scorch                Fire           32%        2d6       8%          2
c - Slow                  Hex            12%        N/A       19%         1

Your spell library contained the following spells:

 Spells                   Type           Power      Damage    Failure   Level
 Summon Small Mammal      Summ           8%         N/A       19%         1
 Conjure Flame            Conj/Fire      13%        6-21      21%         3
 Inner Flame              Hex/Fire       9%         N/A       28%         3
 Confusing Touch          Hex            3%         N/A       47%         3
 Call Canine Familiar     Summ           2%         N/A       50%         3
 Summon Guardian Golem    Hex/Summ       3%         N/A       50%         3
 Vampiric Draining        Necr           2%         2d6       50%         3
 Flame Wave               Conj/Fire      13%        2d6       54%         4


Dungeon Overview and Level Annotations

Branches:
Dungeon (3/15)


Innate Abilities, Weirdness & Mutations

You have an increased reservoir of magic. (+10% MP)
You shall have no god before yourself.
Your divine heritage dramatically boosts your attributes as you level up.


Message History

Your foxfire dissipates! x2
You conjure some foxfire!
Your foxfire dissipates!
The foxfire hits something. x3
You miscast Foxfire.
You are very lightly contaminated with residual magic.
Nothing appears to happen.
Casting: Foxfire (safe; 7% risk of failure)
Confirm with . or Enter, or press ? or * to list all spells.
You don't have enough magic to cast this spell.
No target in view!
No target in view!
No target in view!
No target in view!
You barely miss something. Something hits you but does no damage.
Something hits you.
You are poisoned.
You miss something.
You feel sick. Something hits you but does no damage.
You are more poisoned.
You miss something.
You feel very sick. Something hits you but does no damage.
You are more poisoned.
Something hits you but does no damage.
You are lethally poisoned!
You miss something.
You feel extremely sick. Something hits you but does no damage.
You are more poisoned.
Your magical contamination has completely faded away.
You miss something.
You feel extremely sick. Something hits you but does no damage.
You are more poisoned.
You sock something!
Reactivating autopickup.
You feel a bit more experienced.
* * * LOW HITPOINT WARNING * * *
You feel extremely sick.
You die...

#≈≈≈≈..###≈≈
#≈≈≈≈≈..#### ##
##≈≈≈≈≈.## # ##..
....≈≈≈≈.#### ...#
###.≈≈≈≈....# ...#
#..≈≈≈≈≈##.## #).
##.#≈≈≈≈≈##...
#)####..##≈≈≈≈#####
#.@.##.# #≈≈≈≈≈
###.##.###≈≈≈≈≈####
#......88§≈≈≈≈88.
##...............
###.#.............
#.......88≈≈≈≈≈88.
#.##.####..≈≈≈≈...
...#..####..≈≈≈≈≈..
.##
#.#...#..≈≈≈≈≈..


There were no monsters in sight!

Vanquished Creatures
  An orc wizard (D:3)
  4 gnolls (D:2)
  4 adders (D:2)
  A worm (D:2)
  A dart slug (D:3)
  3 orcs (D:3)
  2 endoplasms (D:1)
  3 hobgoblins
  8 jackals
  2 quokkas (D:1)
  2 ball pythons
  4 bats
  A frilled lizard (D:2)
  3 kobolds
  6 rats
45 creatures vanquished.

Vanquished Creatures (others)
  163 foxfires
163 creatures vanquished.

Grand Total: 208 creatures vanquished

Notes
Turn   | Place    | Note
-------+----------+-------------------------------------------
     0 | D:1      | soggyman666 the Demigod Fire Elementalist began the quest
                  | for the Orb.
     0 | D:1      | Reached XP level 1. HP: 14/14 MP: 5/5
   974 | D:1      | Reached XP level 2. HP: 20/20 MP: 0/7
  1074 | D:1      | Learned a level 2 spell: Scorch
  1348 | D:2      | Reached skill level 1 in Conjurations
  1348 | D:2      | Reached skill level 3 in Fire Magic
  1611 | D:2      | Reached XP level 3. HP: 27/27 MP: 3/8
  2000 | D:2      | Learned a level 1 spell: Slow
  2086 | D:2      | Reached XP level 4. HP: 23/34 MP: 7/10
  2369 | D:2      | Reached skill level 1 in Fighting
  2701 | D:2      | Reached skill level 1 in Armour
  3409 | D:3      | Succumbed to an orc wizard's poison

Illustrated notes

Levels and vault maps discovered:
D:1:      dpeg_arrival_water_temple_mockup, layout_basic,
          chequers_ecumenical_altar_simple, patterned_corridor
D:2:      layout_loops_corners, serial_co_window_serial, co_window_paths_a,
          co_window_of_opportunity_a, co_window_paths_b,
          co_window_of_opportunity_a, co_window_of_opportunity_a,
          co_window_2corner, co_window_corner_b, co_window_broadway_a,
          co_window_of_opportunity_b, co_window_of_opportunity_b,
          co_window_4corner_a, glass_columns_c, glass_columns_a,
          glass_columns_c, glass_columns_b, glass_columns_a
D:3:      wander_river, layout_rooms, serial_shops, nicolae_shop_trees,
          chequers_serial_rivers_large_a

Skill      XL: |  1  2  3  4 |
---------------+-------------+-----
Spellcasting   | 2 |  2.6
Stealth        | 2 |  2.1
Dodging        | 2 |  2.2
Conjurations   | 1 |  1.8
Fire Magic     | 3 |  3.2
Fighting       | 1 |  1.4
Armour         | 1 |  1.1
Hexes          | |  0.1

Action                   |  1- 3 |  4- 6 || total
-------------------------+-------+-------++-------
Melee: Unarmed           |     8 |       ||     8
       Flail             |    10 |    15 ||    25
 Cast: Foxfire           |    67 |    37 ||   104
       Scorch            |     6 |     9 ||    15
       Slow              |     3 |       ||     3
  Use: Scroll            |     3 |       ||     3
 Stab: Sleeping          |       |     1 ||     1
Armor: Robe              |    11 |       ||    11
       Leather armour    |     3 |    12 ||    15
Dodge: Dodged            |    35 |    19 ||    54

Table legend: (Time is in decaauts)
 A = Elapsed time spent in this place.
 B = Non-inter-level travel time spent in this place.
 C = Inter-level travel time spent in this place.
 D = Time resting spent in this place.
 E = Time spent auto-exploring this place.
 F = Levels seen in this place.
 G = Mean time per level.
                   A        B        C        D        E       F      G
               +--------+--------+--------+--------+--------+-----+--------+
         Total |   3417 |   3313 |    104 |    174 |   2720 |   3 | 1139.0 |
       Dungeon |   3417 |   3313 |    104 |    174 |   2720 |   3 | 1139.0 |
               +--------+--------+--------+--------+--------+-----+--------+

Top non-repeatable levels by time:
     D:2: 1813 daAuts
     D:1: 1276 daAuts
     D:3: 327 daAuts
